 Dungeon Crawl Stone Soup version 0.31.0-11-ge490571c62 (webtiles) character file.

Game seed: 4095437591060164427

43 Gadfly the Insei (level 3, 0/29 HPs)
             Began as a Demonspawn Monk on Feb 3, 2024.
             Incinerated by a bombardier beetle (4 damage)
             ... with a burning spray
             ... on level 3 of the Dungeon.
             The game lasted 00:01:27 (1630 turns).

Gadfly the Insei (Demonspawn Monk)                  Turns: 1630, Time: 00:01:28

Health: 0/29       AC:  3    Str: 13    XL:     3   Next: 37%
Magic:  3/3        EV: 13    Int: 10    God:
Gold:   115        SH:  0    Dex: 15    Spells: 2/2 levels left

rFire   . .          .
                       - Unarmed
rCold   . . .        c - orb {light}
rNeg    . . .        a - +1 robe
rPois   .            (no helmet)
rElec   .            (no cloak)
rCorr   .            (no gloves)
SInv    .            (no boots)
Will    .....        (no amulet)
Stlth   +            (no ring)
HPRegen 0.24/turn    (no ring)
MPRegen 0.08/turn

%: no passive effects
@: on fire, glowing
A: foul stench 1
a: no special abilities


You were on level 3 of the Dungeon.
You visited 1 branch of the dungeon, and saw 3 of its levels.

You collected 115 gold pieces.

Inventory:

Armour
 a - a +1 robe (worn)
 c - an orb of light (worn)
Scrolls
 f - a scroll of enchant weapon {unknown}
Potions
 b - a potion of ambrosia
 d - a potion of curing
 e - a potion of mutation {unknown}


   Skills:
 - Level 3.0 Fighting
 + Level 2.9 Dodging
 * Level 3.1 Unarmed Combat
 * Level 1.4 Evocations
 * Level 1.1 Shapeshifting


You had 2 spell levels left.
You didn't know any spells.
Your spell library contained the following spells:

 Spells                   Type           Power      Damage    Failure   Level
 Fugue of the Fallen      Necr           0%         N/A       75%         3
 Hailstorm                Conj/Ice       0%         3d5       75%         3
 Ozocubu's Armour         Ice            0%         N/A       75%         3
 Summon Ice Beast         Ice/Summ       0%         N/A       75%         3
 Manifold Assault         Tloc           0%         N/A       98%         4
 Sculpt Simulacrum        Ice/Alch       0%         N/A       100%        6


Dungeon Overview and Level Annotations

Branches:
Dungeon (3/15)

Altars:
Dithmenos


Innate Abilities, Weirdness & Mutations

You may rarely emit foul miasma when damaged in melee.


Message History

You barely miss the bombardier beetle.
The bombardier beetle is moderately wounded.
The bombardier beetle closely misses you.
You hit the bombardier beetle but do no damage.
The bombardier beetle is moderately wounded.
The bombardier beetle sprays incendiary fluid at you.
The burning spray hits you.
You are covered in liquid fire!
You completely miss the bombardier beetle.
The bombardier beetle is moderately wounded.
The liquid fire burns you!
You hit the bombardier beetle but do no damage.
The bombardier beetle is moderately wounded.
The liquid fire burns you!
The bombardier beetle closely misses you.
You hit the bombardier beetle.
The bombardier beetle is severely wounded.
The liquid fire burns you!
You hit the bombardier beetle but do no damage.
The bombardier beetle is severely wounded.
The liquid fire burns you!
The bombardier beetle barely misses you.
You hit the bombardier beetle.
The bombardier beetle is severely wounded.
The liquid fire burns you!
You are too injured to fight recklessly!
You are too injured to fight recklessly!
You are too injured to fight recklessly!
You are too injured to fight recklessly!
You are too injured to fight recklessly!
You hit the bombardier beetle but do no damage.
The bombardier beetle is severely wounded.
The liquid fire burns you!
* * * LOW HITPOINT WARNING * * *
The bombardier beetle bites you.
* * * LOW HITPOINT WARNING * * *
You hit the bombardier beetle but do no damage.
The bombardier beetle is severely wounded.
The liquid fire burns you!
You die...

#.....#####.### ##.#
#............<##...#
#...................
#.##.....#####.........
#.......## ####.#.#..
..!.#....### #.#....
... ##.....# #...##. #.
##..##)# ....# # #.@##
.# #...# #....B# .
##..# ......... .
#......... ..
##..._...## #.........
.......... .##.....##.


You could see a bombardier beetle.

Vanquished Creatures
  A dart slug (D:1)
  3 ribbon worms (D:2)
  2 ball pythons (D:1)
  2 bats (D:2)
  5 endoplasms
  2 giant cockroaches (D:1)
  3 goblins
  2 hobgoblins (D:2)
  4 jackals (D:1)
  A quokka (D:1)
  A frilled lizard (D:1)
  A kobold (D:2)
  3 rats
30 creatures vanquished.

Notes
Turn   | Place    | Note
-------+----------+-------------------------------------------
     0 | D:1      | Gadfly the Demonspawn Monk began the quest for the Orb.
     0 | D:1      | Reached XP level 1. HP: 18/18 MP: 1/1
   134 | D:1      | Gained mutation: You may rarely emit foul miasma when
                  | damaged in melee. [demonic ancestry]
   134 | D:1      | Reached XP level 2. HP: 23/24 MP: 2/2
   263 | D:1      | Reached skill level 1 in Evocations
   910 | D:2      | Reached XP level 3. HP: 29/29 MP: 3/3
   947 | D:2      | Reached skill level 1 in Shapeshifting
  1608 | D:3      | Found a shadowy altar of Dithmenos.
  1630 | D:3      | Incinerated by a bombardier beetle

Illustrated notes

Levels and vault maps discovered:
D:1:      minmay_arrival_hallway, layout_rooms, serial_corexii_hall,
          corexii_hall_statues_u, corexii_hall_statues_u, corexii_hall_statues_u
D:2:      layout_loops_ring
D:3:      layout_rooms, nicolae_dithmenos_shadow_blocks,
          nicolae_gozag_zags_fifth_avenue, serial_shops,
          nicolae_shop_real_fake_doors, chequers_garden, uniq_sigmund,
          uniq_crazy_yiuf_cottage, uniq_jessica

Skill      XL: |  1  2  3 |
---------------+----------+-----
Unarmed Combat | 3 |  3.1
Evocations     | 1 |  1.4
Shapeshifting  | 1 |  1.1
Fighting       | |  3.0
Dodging        | |  2.9

Action                     || total
---------------------------++-------
  Melee: Unarmed           ||   127
    Use: Scroll            ||     5
 Armour: Robe              ||    45
  Dodge: Dodged            ||    60
